AoeStats
← Dsaidm

Black Forest

510816047Analyzed
4v4 RM · 15h ago on Oct 2, 2026· 46m 4s· 8 players
Game mode
Random Map
Map size
Large (8 player)
Population
200
Speed
Normal
Resources
Standard
Victory
Conquest
Starting age
Dark Age
Ending age
Imperial Age
RankedLock teamsTeams togetherTeam positionsShared explorationLock speedFull tech treeHidden civsTurbo modeCheats
Victory
Defeat
🇭🇺 Persians · Hungary
925
+18
🇨🇱 Magyars · Chile
924
+18
🇪🇬 Vietnamese · Egypt
918
+18
🇦🇷 Hindustanis · Argentina
897
+19
🇺🇸 Lithuanians · United States
1004
-20
🇮🇳 Britons · India
993
-19
🇮🇪 Spanish · Ireland
935
-17
🇮🇳 Bohemians · India
935
-17
Dsaidm
1:01 Loom
14:04 Feudal Age
19:15 Castle Age
17:25 Double-Bit Axe
18:15 Horse Collar
20:27 Bow Saw
23:52 Heavy Plow
25:47 Wheelbarrow
26:53 Stone Mining
29:16 Hand Cart
34:01 Corvinian Army
36:41 Imperial Age
34:21 Scale Barding Armor
34:58 Gold Mining
35:51 Husbandry
36:02 Bloodlines
36:02 Pikeman
39:18 Fletching
38:53 Elite Magyar Huszar
40:36 Bodkin Arrow
41:50 Thumb Ring
41:51 Bracer
42:11 Chain Barding Armor
41:53 Padded Archer Armor
43:57 Recurve Bow
44:21 Ballistics
45:02 Chemistry
44:55 Heavy Cavalry Archer
46:56 Parthian Tactics
StangLee
0:31 Loom
14:34 Feudal Age
20:15 Castle Age
18:22 Double-Bit Axe
18:21 Horse Collar
22:33 Bow Saw
22:53 Heavy Plow
28:45 Wheelbarrow
28:09 Town Watch
29:43 Hand Cart
33:18 Imperial Age
31:26 Kamandaran
31:36 Scale Barding Armor
31:53 Forging
33:08 Chain Barding Armor
34:04 Conscription
34:57 Gold Mining
35:09 Stone Mining
34:52 Elite War Elephant
35:40 Caravan
36:38 Gold Shaft Mining
37:32 Iron Casting
37:37 Plate Barding Armor
37:03 Padded Archer Armor
36:55 Fletching
38:12 Bloodlines
38:03 Husbandry
39:20 Blast Furnace
39:01 Thumb Ring
38:17 Crossbowman
39:58 Crop Rotation
40:03 Ballistics
40:54 Chemistry
42:00 Bodkin Arrow
42:21 Leather Archer Armor
43:43 Devotion
44:45 Ring Archer Armor
Ertugrul
11:59 Feudal Age
15:52 Castle Age
14:22 Horse Collar
17:33 Wheelbarrow
16:44 Loom
17:11 Double-Bit Axe
21:17 Bow Saw
21:44 Heavy Plow
21:57 Stone Mining
23:31 Fletching
23:51 Gold Mining
24:41 Stone Shaft Mining
25:21 Ballistics
24:57 Murder Holes
25:14 Masonry
24:44 Treadmill Crane
27:38 Hand Cart
27:10 Town Watch
30:40 Imperial Age
28:21 Town Patrol
28:48 Bodkin Arrow
28:54 Padded Archer Armor
29:05 Forging
29:00 Scale Barding Armor
29:53 Chatras
30:56 Bloodlines
30:50 Husbandry
31:35 Iron Casting
31:16 Leather Archer Armor
31:23 Bracer
31:31 Scale Mail Armor
32:12 Thumb Ring
32:31 Paper Money
32:52 Hoardings
31:48 Sappers
33:05 Caravan
33:36 Coinage
35:58 Two-Man Saw
36:36 Chemistry
36:13 Elite Battle Elephant
36:23 Elite Rattan Archer
37:50 Ring Archer Armor
37:42 Chain Barding Armor
38:40 Chain Mail Armor
40:05 Plate Barding Armor
40:08 Elite Skirmisher
43:01 Imperial Skirmisher
46:28 Bombard Tower
46:20 Fortified Wall
46:03 Guard Tower
45:58 Arrowslits
Papulopulus
10:55 Feudal Age
14:32 Castle Age
13:39 Double-Bit Axe
13:38 Horse Collar
19:45 Wheelbarrow
18:57 Loom
21:31 Bow Saw
22:12 Heavy Plow
22:05 Gold Mining
22:06 Stone Mining
22:35 Stone Mining
23:38 Fervor
24:25 Hand Cart
23:56 Town Watch
27:15 Imperial Age
28:37 Gold Shaft Mining
28:37 Stone Shaft Mining
29:05 Chemistry
29:25 Two-Man Saw
31:33 Padded Archer Armor
31:41 Scale Barding Armor
31:47 Forging
31:48 Grand Trunk Road
32:16 Conscription
31:57 Shatagni
32:26 Siege Engineers
32:39 Leather Archer Armor
32:47 Bloodlines
32:38 Husbandry
31:58 Heavy Camel Rider
32:01 Light Cavalry
34:04 Chain Barding Armor
34:36 Iron Casting
35:18 Ring Archer Armor
34:39 Fletching
34:48 Hussar
37:05 Ballistics
36:56 Masonry
37:34 Plate Barding Armor
40:18 Blast Furnace
39:14 Bodkin Arrow
39:20 Scale Mail Armor
Maximus_B
6:40 Loom
9:36 Feudal Age
13:48 Double-Bit Axe
14:10 Horse Collar
17:21 Wheelbarrow
19:47 Castle Age
19:41 Stone Mining
19:43 Gold Mining
21:13 Bow Saw
21:07 Heavy Plow
22:29 Forging
22:50 Husbandry
25:28 Bloodlines
28:18 Light Cavalry
29:59 Iron Casting
29:29 Scale Barding Armor
29:51 Hand Cart
31:13 Town Watch
32:24 Pikeman
33:05 Squires
32:50 Arson
34:49 Caravan
nickel8448
11:33 Feudal Age
17:11 Castle Age
15:48 Horse Collar
16:00 Double-Bit Axe
16:16 Stone Mining
20:15 Wheelbarrow
25:53 Horse Collar
26:42 Heavy Plow
27:00 Bow Saw
29:50 Imperial Age
28:38 Gold Mining
29:24 Stone Shaft Mining
30:08 Caravan
30:26 Hand Cart
30:59 Stone Shaft Mining
31:18 Ballistics
32:10 Chemistry
31:31 Ballistics
31:21 Fletching
31:31 Padded Archer Armor
32:26 Forging
32:16 Scale Mail Armor
32:12 Bodkin Arrow
33:07 Leather Archer Armor
32:58 Scale Barding Armor
34:25 Two-Man Saw
33:22 Onager
35:03 Iron Casting
34:44 Chain Mail Armor
34:40 Pikeman
35:20 Squires
35:06 Arson
35:24 Halberdier
37:26 Conscription
39:11 Elite Skirmisher
run and gun
3:36 Loom
11:51 Feudal Age
17:30 Castle Age
16:35 Double-Bit Axe
16:38 Horse Collar
19:01 Bow Saw
24:44 Wheelbarrow
27:46 Hand Cart
28:55 Chemistry
32:04 Imperial Age
31:26 Chemistry
30:53 Ballistics
32:20 Town Watch
35:42 Elite Skirmisher
36:49 Fletching
37:00 Padded Archer Armor
36:51 Pikeman
37:50 Halberdier
41:28 Scale Mail Armor
41:38 Forging
42:12 Squires
41:57 Arson
parthshah2494
3:08 Loom
12:35 Feudal Age
18:25 Castle Age
17:06 Horse Collar
17:15 Double-Bit Axe
25:23 Fletching
25:34 Padded Archer Armor
26:36 Bow Saw
26:42 Stone Mining
26:52 Gold Mining
27:15 Squires
27:01 Gambesons
27:03 Pikeman
28:13 Heavy Plow
29:23 Padded Archer Armor
30:26 Wheelbarrow
32:51 Gold Shaft Mining
33:11 Ballistics
36:38 Imperial Age
34:28 Hand Cart
39:02 Town Watch
38:38 Halberdier
44:43 Bodkin Arrow
45:04 Leather Archer Armor
44:49 Scale Mail Armor
44:59 Forging
Connection lost

Rejoining the realm…

Still unreachable

The connection could not be restored.

Session expired

The server has moved on; the page needs a fresh start.